 Dungeon Crawl Stone Soup version 0.30-a0-908-g5a111fc481 (webtiles) character file.

Game seed: 7306175965530426371

184 sanka the Chopper (level 5, -2/48 HPs)
             Began as a Hill Orc Monk on Mar 19, 2023.
             Was a Believer of Beogh.
             Killed by nerve-wracking pain
             ... invoked by Grinder
              (8 damage)
             ... on level 3 of the Dungeon.
             The game lasted 00:05:19 (2907 turns).

sanka the Chopper (Hill Orc Monk)                   Turns: 2907, Time: 00:05:20

Health: -2/48      AC:  7    Str: 16    XL:     5   Next: 63%
Magic:  2/5        EV: 11    Int: 10    God:    Beogh [**....]
Gold:   68         SH:  0    Dex: 13    Spells: 4/4 levels left

rFire   . . .      SeeInvis .    z - +0 morningstar
rCold   . . .      Faith    +    (no shield)
rNeg    . . .      Spirit   .    o - +0 ring mail
rPois   .          Reflect  .    g - +0 helmet
rElec   .          Rampage  .    (no cloak)
rCorr   .                        (no gloves)
Will    .....                    q - +0 pair of boots
Stlth   +                        l - amulet of faith
HPRegen 0.28/turn                (no ring)
MPRegen 0.09/turn                (no ring)

@: no status effects
A: no striking features
a: Renounce Religion, Smiting


You were on level 3 of the Dungeon.
You worshipped Beogh.
Beogh was pleased with you.
You visited 1 branch of the dungeon, and saw 3 of its levels.

You collected 68 gold pieces.


   Skills:
 + Level 5.1 Fighting
 * Level 7.1 Axes
 - Level 2.4 Dodging
 - Level 1.5 Stealth


You had 4 spell levels left.
You didn't know any spells.
Your spell library contained the following spells:

 Spells                   Type           Power      Damage    Failure   Level
 Freeze                   Ice            0%         1d3       58%         1
 Frozen Ramparts          Ice            0%         1d1       91%         3
 Hailstorm                Conj/Ice       0%         3d3       91%         3

Inventory:

Hand Weapons
 a - a +0 hand axe
 w - a +1 dagger of electrocution
 z - a +0 morningstar (weapon)
Armour
 b - a +0 robe
 g - a +0 helmet (worn)
 m - a +0 plate armour
 o - a +0 ring mail (worn)
 q - a +0 pair of boots (worn)
 s - the +2 hat of Seunuk Qebi {Rampage Will++}

   Rampage:   It bestows one free step when moving towards enemies.
   Will:      It greatly increases your willpower.
Jewellery
 l - an amulet of faith (around neck)
Wands
 y - a wand of roots (1)
Scrolls
 e - a scroll of silence {unknown}
 h - a scroll of brand weapon {unknown}
 j - a scroll of identify {unknown}
 k - 3 scrolls of vulnerability {unknown}
 n - 2 scrolls of torment {unknown}
 x - a scroll of magic mapping {unknown}
Potions
 c - 2 potions of ambrosia
 d - a potion of mutation {unknown}
 f - 4 potions of curing {unknown}
 i - 3 potions of lignification {unknown}
 p - 2 potions of attraction {unknown}
 r - a potion of magic {unknown}
 t - a potion of berserk rage {unknown}
 u - a potion of haste {unknown}
 v - a potion of might {unknown}

Dungeon Overview and Level Annotations

Branches:
Dungeon (3/15)

Altars:
Hepliaklqana
Uskayaw
Zin

Annotations:
D:3 1 runed translucent door, Crazy Yiuf, Grinder, Ijyb

▒▒.......▒▒
▒▒▒......▒ .▒
▒▒▒▒...▒▒ .▒
▒▒...▒ .▒
▒...▒▒ 5▒
▒▒...▒▒▒▒ .▒
▒......▒▒▒▒ .▒
▒▒........▒▒.▒
▒▒▒....o5...▒
▒▒▒▒▒...▒▒▒
▒▒▒▒▒


You could see Grinder.


Message History

Grinder is healed!
Aiming: Fastroot
Aim: Grinder (lightly wounded)
The roots erupt in riotous growth!
Roots grab Grinder.
The grasping roots constrict Grinder!
Grinder barely misses you.
You hit Grinder.
Grinder is heavily wounded.
The grasping roots constrict Grinder.
The roots release their grip on Grinder.
Grinder hits you.
* * * LOW HITPOINT WARNING * * *
You writhe in agony.
* * * LOW HITPOINT WARNING * * *
Grinder barely misses you.
Okay, then.
Use which ability? (? or * to list)
You can't do that.
Use which ability? (? or * to list)
Aiming: Smiting Smite: Grinder (heavily wounded)
You smite Grinder!
Grinder is severely wounded.
Grinder hits you but does no damage.
Use which ability? (? or * to list)
You don't have enough magic at the moment.
Grinder gestures at you. Pain shoots through your body!
You die...

Action                     |  1- 3 |  4- 6 || total
---------------------------+-------+-------++-------
  Melee: Hand axe          |   123 |   172 ||   295
         Punch             |       |     3 ||     3
         Morningstar       |       |     6 ||     6
 Invoke: Smiting           |       |     1 ||     1
         Convert to Beogh  |       |     1 ||     1
  Evoke: Wand              |       |     3 ||     3
   Stab: Sleeping          |     4 |       ||     4
 Armour: Robe              |    27 |       ||    27
         Ring mail         |       |    71 ||    71
  Dodge: Dodged            |    89 |   125 ||   214

Levels and vault maps discovered:
D:1:      wheals_arrival_shading, layout_basic, minmay_ruptured
D:2:      layout_basic, grunt_ministairs_8, kennysheep_jessica_study,
          uniq_jessica
D:3:      layout_basic, eat_drink_and_be_merry_uskayaw,
          nzn_hepliaklqana_mist_gate, mainiacjoe_overflow_boulevard,
          serial_curves, eino_curves_04, eino_curves_01, minivault_25,
          hex_intersection, chequers_garden, kennysheep_generic_room_11,
          uniq_robin, uniq_crazy_yiuf_cottage, uniq_ijyb, uniq_grinder

Notes
Turn   | Place    | Note
-------+----------+-------------------------------------------
     0 | D:1      | sanka the Hill Orc Monk began the quest for the Orb.
     0 | D:1      | Reached XP level 1. HP: 19/19 MP: 1/1
   127 | D:1      | Reached XP level 2. HP: 23/27 MP: 2/2
   238 | D:1      | Reached skill level 4 in Fighting
   380 | D:1      | Reached skill level 5 in Axes
   431 | D:1      | Reached XP level 3. HP: 32/33 MP: 3/3
  1122 | D:2      | Reached XP level 4. HP: 41/41 MP: 4/4
  1540 | D:2      | Reached skill level 6 in Axes
  1604 | D:2      | Identified the +2 hat of Seunuk Qebi {Rampage Will++}
  1622 | D:2      | Noticed Jessica
  1628 | D:2      | Killed Jessica
  1629 | D:2      | Reached XP level 5. HP: 42/47 MP: 5/5
  1814 | D:3      | Found a glowing silver altar of Zin.
  1859 | D:3      | Noticed Ijyb
  2051 | D:3      | Found a runed translucent door.
  2052 | D:3      | Noticed Crazy Yiuf
  2183 | D:3      | Became a worshipper of Beogh the Brigand
  2183 | D:3      | Reached * piety under Beogh
  2183 | D:3      | Reached ** piety under Beogh
  2210 | D:3      | Found a hazy altar of Hepliaklqana.
  2245 | D:3      | Reached skill level 5 in Fighting
  2450 | D:3      | Found a hide-covered altar of Uskayaw.
  2497 | D:3      | Noticed Robin
  2511 | D:3      | Reached skill level 7 in Axes
  2649 | D:3      | Killed Robin
  2885 | D:3      | Noticed Grinder
  2885 | D:3      | Paralysed by Grinder for 3 turns
  2907 | D:3      | Killed from afar by Grinder

Vanquished Creatures
  Jessica (D:2)
  Robin (D:3)
  A gnoll (D:1)
  4 adders
  An ufetubus (D:3)
  A worm (D:2)
  3 dart slugs
  3 orcs (D:3)
  5 bats
  5 endoplasms
  6 giant cockroaches
  14 goblins
  9 hobgoblins
  6 jackals (D:2)
  6 quokkas
  4 ball pythons
  3 frilled lizards
  6 kobolds
  5 rats (D:1)
84 creatures vanquished.

Vanquished Creatures (others)
  An orc priest (D:3)
  2 orcs (D:3)
  A plant (D:3)
4 creatures vanquished.

Grand Total: 88 creatures vanquished
